 Dungeon Crawl Stone Soup version 0.29.0-4-gdea44cf6ec (webtiles) character file.

Game seed: 17988507160132665534

79 qw the Chopper (level 4, -4/26 HPs)
             Began as a Tengu Warper on Aug 28, 2022.
             Killed from afar by Terence (6 damage)
             ... with a puff of flame
             ... on level 2 of the Dungeon.
             The game lasted 00:00:12 (2392 turns).

qw the Chopper (Tengu Warper)                       Turns: 2392, Time: 00:00:12

Health: -4/26      AC:  8    Str: 13    XL:     4   Next: 37%
Magic:  8/8        EV:  6    Int: 14    God:
Gold:   124        SH:  0    Dex: 19    Spells: 7/7 levels left

rFire   . . .      SeeInvis .   Y - +0 hand axe
rCold   . . .      Faith    .   (no shield)
rNeg    . . .      Spirit   .   g - +0 chain mail
rPois   .          Reflect  .   (helmet restricted)
rElec   .          Harm     .   (no cloak)
rCorr   .          Rampage  .   (no gloves)
Will    .....                   (boots unavailable)
Stlth   ..........              (no amulet)
HPRegen 0.08/turn               e - +6 ring of dexterity
MPRegen 0.11/turn               (no ring)

@: no status effects
A: beak, talons 3
a: no special abilities


You were on level 2 of the Dungeon.
You visited 1 branch of the dungeon, and saw 2 of its levels.

You collected 124 gold pieces.


Innate Abilities, Weirdness & Mutations

You have a beak for a mouth.
You have claws for feet.


   Skills:
 - Level 2.0 Fighting
 + Level 4.9 Axes
 - Level 1.0 Throwing
 - Level 1.1 Armour
 - Level 2.1 Dodging
 - Level 2.0 Spellcasting
 - Level 2.4 Translocations


You had 7 spell levels left.
You didn't know any spells.
Your spell library contained the following spells:

 Spells                   Type           Power      Damage    Failure   Level
 Blink                    Tloc           16%        N/A       99%         2
 Gell's Gravitas          Tloc           8%         N/A       100%        3
 Lesser Beckoning         Tloc           8%         N/A       100%        3
 Teleport Other           Tloc           8%         N/A       100%        3
 Manifold Assault         Tloc           8%         N/A       100%        5

Inventory:

Hand Weapons
 k - a +0 mace
 Y - a +0 hand axe (weapon)
Armour
 g - a +0 chain mail (worn)
Jewellery
 e - a +6 ring of dexterity (left hand)
 f - a ring of ice
Scrolls
 a - 3 scrolls of magic mapping {unknown}
 b - a scroll of enchant armour
 l - 3 scrolls of identify
Potions
 c - a potion of attraction {unknown}
 h - a potion of curing {unknown}
 j - a potion of invisibility {unknown}
 m - a potion of brilliance {unknown}
 n - a potion of mutation {unknown}

Dungeon Overview and Level Annotations

Branches:
Dungeon (2/15)

Altars:

Annotations:
D:2 Terence


Message History

You closely miss the frilled lizard.
You peck the frilled lizard, but do no damage.
You punch the frilled lizard.
The frilled lizard is heavily wounded.
The frilled lizard closely misses you.
You barely miss the frilled lizard.
The frilled lizard is heavily wounded.
The frilled lizard bites you but does no damage.
You hit the frilled lizard but do no damage.
You peck the frilled lizard.
You kill the frilled lizard!
c - a sedimented puce potion
l - 3 scrolls of identify (gained 1) Terence is nearby!
2379 ||| Stepping ~*~*~tactically~*~*~ (stealth).
Terence shouts!
Terence bares his teeth.
Terence zaps a wand.
The puff of flame hits you.
2384 ||| Stepping ~*~*~tactically~*~*~ (hiding).
You start resting.
Terence is nearby!
You hit Terence.
Terence is moderately wounded.
Terence hits you with a +0 short sword of speed. x2
You hit Terence. You claw Terence.
Terence is heavily wounded.
Terence hits you with a +0 short sword of speed.
You closely miss Terence. You claw Terence. You peck Terence.
Terence is severely wounded.
Terence hits you with a +0 short sword of speed. x2
You hit Terence.
Terence is severely wounded.
Terence hits you with a +0 short sword of speed.
You hit Terence but do no damage. You peck Terence, but do no damage.
Terence is severely wounded.
Terence hits you but does no damage. x2
You hit Terence. Your peck misses Terence.
Terence is almost dead.
Terence zaps a wand.
The puff of flame hits you.
You die...

.#.# #..# ##.# #..#
#.# #..# ##.# #..#
##### ...#
#..####...# .####
#.........#
#...###########...#
###.........# ##.##
#...#######.# #@#
###.......>.# ##@##
###.######..###...###
.%.......#......#..>#
..######.##.###...#.#
..# #.##.# ##.##.#
..# ##.##.####.##.#
..# #..........##.#
..#####..##......#.%#


You could see Terence.

Vanquished Creatures
  A gnoll (D:1)
  An adder (D:2)
  A dart slug (D:2)
  2 bats
  8 endoplasms
  3 giant cockroaches (D:1)
  4 goblins
  3 hobgoblins
  8 jackals
  12 ball pythons
  4 frilled lizards
  3 kobolds
  3 rats
53 creatures vanquished.

Notes
Turn   | Place    | Note
-------+----------+-------------------------------------------
     0 | D:1      | qw the Tengu Warper began the quest for the Orb.
     0 | D:1      | Reached XP level 1. HP: 12/12 MP: 4/4
     0 | D:1      | 0 ||| qw: Version: 0.1-a-89-g26bdef1
     0 | D:1      | 0 ||| qw: Game counter: 872
     0 | D:1      | 0 ||| qw: Always use a shield: true
     0 | D:1      | 0 ||| qw: God list: Okawaru
     0 | D:1      | 0 ||| qw: Allow faded altars: false
     0 | D:1      | 0 ||| qw: Do Orc after D:15 true
     0 | D:1      | 0 ||| qw: Do second Lair branch before Depths: true
     0 | D:1      | 0 ||| qw: Lair rune preference: random
     0 | D:1      | 0 ||| qw: Plans: Normal
     0 | D:1      | 0 ||| PLANNING D:1-11
   312 | D:1      | Reached XP level 2. HP: 17/17 MP: 6/6
   342 | D:1      | Reached skill level 3 in Axes
   445 | D:1      | 445 ||| Stepping ~*~*~tactically~*~*~ (stealth).
   450 | D:1      | Reached XP level 3. HP: 18/21 MP: 7/7
   501 | D:1      | 501 ||| Stepping ~*~*~tactically~*~*~ (stealth).
   516 | D:1      | 516 ||| Stepping ~*~*~tactically~*~*~ (stealth).
   517 | D:1      | 517 ||| Stepping ~*~*~tactically~*~*~ (stealth).
   519 | D:1      | 519 ||| Stepping ~*~*~tactically~*~*~ (stealth).
   539 | D:1      | Reached skill level 4 in Axes
  1187 | D:1      | 1187 ||| UPGRADING to +0 scale mail.
  1197 | D:1      | 1197 ||| DROPPING +0 leather armour.
  1198 | D:1      | 1198 ||| UPGRADING to +6 ring of dexterity.
  1199 | D:1      | 1199 ||| READING 3 scrolls labelled UCUYTE YFFIMPU.
  1200 | D:1      | 1200 ||| READING scroll labelled TOCONAKHLIL.
  1201 | D:1      | 1201 ||| READING scroll labelled FISHRUA ENLUTYON.
  1202 | D:1      | 1202 ||| READING 2 scrolls labelled EDYSAZEQUST.
  1203 | D:1      | 1203 ||| READING scroll labelled CIAHUE LOWEAPIL.
  1204 | D:1      | 1204 ||| DROPPING 2 scrolls of immolation.
  1205 | D:1      | 1205 ||| DROPPING scroll of blinking.
  1206 | D:1      | 1206 ||| Stepping randomly (stuck).
  1207 | D:1      | 1207 ||| Stepping ~*~*~tactically~*~*~ (cloud).
  1365 | D:2      | 1365 ||| Stepping ~*~*~tactically~*~*~ (stealth).
  1366 | D:2      | 1366 ||| Stepping ~*~*~tactically~*~*~ (stealth).
  1384 | D:2      | 1384 ||| Stepping ~*~*~tactically~*~*~ (stealth).
  1474 | D:2      | 1474 ||| Stepping ~*~*~tactically~*~*~ (stealth).
  1475 | D:2      | 1475 ||| Stepping ~*~*~tactically~*~*~ (stealth).
  1644 | D:2      | 1644 ||| Stepping ~*~*~tactically~*~*~ (stealth).
  1654 | D:2      | Found a faded altar of an unknown god.
  1657 | D:2      | 1657 ||| Stepping ~*~*~tactically~*~*~ (hiding).
  1667 | D:2      | Reached XP level 4. HP: 25/26 MP: 8/8
  1923 | D:2      | 1923 ||| DROPPING +0 club.
  1925 | D:2      | 1925 ||| Stepping ~*~*~tactically~*~*~ (stealth).
  2049 | D:2      | Noticed Terence
  2051 | D:2      | 2051 ||| FLEEEEING.
  2052 | D:2      | 2052 ||| FLEEEEING.
  2053 | D:2      | 2053 ||| FLEEEEING.
  2054 | D:2      | 2054 ||| FLEEEEING.
  2055 | D:2      | 2055 ||| FLEEEEING.
  2056 | D:2      | 2056 ||| STAIRDANCE
  2106 | D:1      | 2106 ||| UPGRADING to +0 chain mail.
  2116 | D:1      | 2116 ||| DROPPING +0 scale mail.
  2117 | D:1      | 2117 ||| READING scroll labelled BOXAX RIRED.
  2122 | D:1      | 2122 ||| READING scroll labelled REYME NINE.
  2123 | D:1      | 2123 ||| READING scroll labelled ROCKIUC ECACW.
  2379 | D:2      | 2379 ||| Stepping ~*~*~tactically~*~*~ (stealth).
  2384 | D:2      | 2384 ||| Stepping ~*~*~tactically~*~*~ (hiding).
  2389 | D:2      | HP: 2/26 [Terence/+0 short sword of speed (6)]
  2392 | D:2      | Killed from afar by Terence

Levels and vault maps discovered:
D:1:      mrwooster_arrival_statue_2, layout_basic
D:2:      layout_loops_ring, nicolae_ecumenical_snake_handling, uniq_terence

Skill      XL: |  1  2  3 |
---------------+----------+-----
Axes           | 3 4 |  4.9
Fighting       | |  2.0
Throwing       | |  1.0
Armour         | |  1.1
Dodging        | |  2.1
Spellcasting   | |  2.0
Translocations | |  2.4

Action                   |  1- 3 |  4- 6 || total
-------------------------+-------+-------++-------
Melee: Hand axe          |    75 |    29 ||   104
       Kick              |    24 |     9 ||    33
       Peck              |    11 |     9 ||    20
       Punch             |     4 |     1 ||     5
Throw: Boomerang         |     7 |       ||     7
  Use: Scroll            |     5 |     3 ||     8
Armor: Leather armour    |     5 |       ||     5
       Scale mail        |     9 |     7 ||    16
       Chain mail        |       |     4 ||     4
Dodge: Dodged            |    32 |     4 ||    36

Table legend:
 A = Non-vault XP
 B = Vault XP
 C = Vault XP percentage of total XP
 D = Non-vault monster count
 E = Vault monster count
 F = Vault count percentage of total count
                 A         B        C        D         E       F
            +---------+---------+-------+---------+---------+-------
      Total |     104 |       9 |   8.0 |      48 |       5 |   9.4
            +---------+---------+-------+---------+---------+-------
        D:1 |      55 |       0 |   0.0 |      25 |       0 |   0.0
        D:2 |      49 |       9 |  15.5 |      23 |       5 |  17.9
            +---------+---------+-------+---------+---------+-------
